 Dungeon Crawl Stone Soup version 0.28-a0-1565-g95a8017c83 (webtiles) character file.

Game seed: 14363909710473569459

14048 wilfster70 the Spear-Bearer (level 11, -19/90 HPs)
             Began as a Demonspawn Berserker on Jan 19, 2022.
             Was an Elder of Trog.
             Succumbed to a death drake's dark miasma
             ... in a Gauntlet.
             The game lasted 00:24:49 (10313 turns).

wilfster70 the Spear-Bearer (Demonspawn Berserker) Turns: 10313, Time: 00:24:50

Health: -19/90     AC: 25    Str: 29    XL:     11   Next: 83%
Magic:  11/11      EV:  8    Int:  8    God:    Trog [****..]
Gold:   229        SH:  5    Dex: 15    Spells: 10/10 levels left

rFire   . . .      SeeInvis .   a - +7 trident of Peadwoc {vorpal, *Corrode rN+ Str+4 Dex+2}
rCold   . . .      Faith    .   q - +0 buckler
rNeg    + + .      Spirit   .   x - +1 plate armour
rPois   .          Reflect  .   (no helmet)
rElec   +          Harm     .   y - +2 cloak
rCorr   .          Rampage  +   l - +0 pair of gloves
Will    .....      NoTele   +   e - +2 pair of boots
Stlth   ..........              h - amulet of the Moon {Rampage rElec Regen+ Str+3 Stlth-}
HPRegen 1.05/turn               M - ring of positive energy
MPRegen 0.12/turn               (no ring)

@: lethally poisoned (-19 -> -121), on berserk cooldown, slowed, very slow
A: yellow scales 2, ignite blood 1, spiny 2
a: Renounce Religion, Berserk, Trog's Hand, Brothers in Arms


You were in a Gauntlet.
You worshipped Trog.
Trog was greatly pleased with you.
You visited 1 branch of the dungeon, and saw 11 of its levels.
You also visited: Ossuary and Gauntlet.

You collected 464 gold pieces.
You spent 235 gold pieces at shops.

Inventory:

Hand Weapons
 a - the +7 trident of Peadwoc (weapon) {vorpal, *Corrode rN+ Str+4 Dex+2}
   (You found it on level 4 of the Dungeon)

   It inflicts extra damage upon your enemies.
   Str:       It affects your strength (+4).
   Dex:       It affects your dexterity (+2).
   rN:        It protects you from negative energy.
   *Corrode:  It may corrode you when you take damage.
 b - a +6 trident of protection
Missiles
 d - 137 sling bullets
 g - 216 stones (quivered)
 k - 5 curare-tipped darts
 B - a throwing net
 D - 4 javelins
Armour
 e - a +2 pair of boots (worn)
 l - a +0 pair of gloves (worn)
 q - a +0 buckler (worn)
 x - a +1 plate armour (worn)
 y - a +2 cloak (worn)
 I - a +0 tower shield
Jewellery
 h - the amulet of the Moon (around neck) {Rampage rElec Regen+ Str+3 Stlth-}
   (You acquired it on level 1 of the Dungeon)

   [amulet of regeneration]

   Str:       It affects your strength (+3).
   rElec:     It insulates you from electricity.
   Regen:     It increases your rate of health regeneration.
   Rampage:   It bestows one free step when moving towards enemies.
   Stlth:     It makes you less stealthy.
 M - a ring of positive energy (left hand)
Wands
 u - a wand of paralysis (14)
 E - a wand of flame (18)
 G - a wand of acid (4)
Scrolls
 j - a scroll of holy word {unknown}
 n - 4 scrolls of teleportation
 F - a scroll of silence
 H - 3 scrolls of magic mapping
 J - 2 scrolls of blinking
 N - a scroll of enchant armour
Potions
 c - a potion of ambrosia
 f - a potion of invisibility {unknown}
 i - 2 potions of haste
 m - 2 potions of lignification
 o - a potion of degeneration {unknown}
 p - 4 potions of curing
 s - 2 potions of heal wounds
 t - 3 potions of flight
 v - a potion of might
 w - a potion of cancellation {unknown}
 z - a potion of berserk rage
 A - 2 potions of mutation
 C - a potion of attraction {unknown}
 L - a potion of resistance
Miscellaneous
 r - a phantom mirror
 K - a piece from Xom's chessboard (15/15)


   Skills:
 - Level 10.0 Fighting
 * Level 12.9 Polearms
 - Level 8.3 Armour
 - Level 1.7 Dodging
 + Level 3.6 Shields


You had 10 spell levels left.
You didn't know any spells.
Your spell library contained the following spells:

 Spells                   Type           Power      Damage    Failure   Level
 Animate Dead             Necr           0%         N/A       100%        4
 Borgnjor's Vile Clutch   Necr/Erth      0%         N/A       100%        5
 Death Channel            Necr           0%         N/A       100%        6


Dungeon Overview and Level Annotations

Branches:
Dungeon (11/15)            Temple (0/1) D:7            Lair (0/6) D:8
    Orc (0/2) D:11        Ossuary (visited)         Gauntlet (1/1)

Altars:
The Shining One

Shops:
D:8 ?

Portals:
Trove: D:10 (give +2 ice dragon scales)

Annotations:
Gauntlet 5 transporters


Innate Abilities, Weirdness & Mutations

You are mostly covered in yellow scales. (AC +3)
Your demonic aura sometimes causes spilled blood to erupt in flames.
You are mostly covered in sharp spines.


Message History

You reach to attack!
You puncture the death drake!
The death drake is moderately wounded.
You are engulfed in dark miasma.
You are more poisoned.
You feel extremely sick.
You are too injured to fight recklessly!
You are too injured to fight recklessly!
You are too injured to fight recklessly!
You are too injured to fight recklessly!
Reach: a) +7 trident of Peadwoc {vorpal, *Corrode rN+ Str+4 Dex+2}
Press: ? - help, Dir - move target, f/p - death drake
Aim: a death drake (flame, moderately wounded, catching its breath, about 35% to evade the +7 trident of Peadwoc)
You reach to attack!
You closely miss the death drake.
The death drake is moderately wounded.
You are engulfed in dark miasma.
You are lethally poisoned!
You feel extremely sick.
The death drake is engulfed in blazing flames.
You are too berserk!
You barely miss the death drake.
The death drake is moderately wounded.
You are engulfed in dark miasma.
You are more poisoned.
You feel as though you will be slow longer.
* * * LOW HITPOINT WARNING * * *
You are no longer berserk.
You are exhausted.
You feel as though you will be slow longer.
Your skin stops crawling.
You feel less strong-willed.
* * * LOW HITPOINT WARNING * * *
You feel extremely sick.
The death drake is struck by your spines.
The death drake bites you.
* * * LOW HITPOINT WARNING * * *
The spectral centaur warrior is engulfed in blazing flames.
You puncture the death drake!
The death drake is severely wounded.
You are engulfed in dark miasma.
You are more poisoned.
* * * LOW HITPOINT WARNING * * *
You die...

....J#..##....z
..###########..########
# ......................
#. .....................
#.. ### ####..#########.
#..# .. .#.#..##..##.##.
#..#.## Z#.#..#.##..#.#.
≈..#°°°###.####.#.#.#.##
#..#©°°@kZ.#©©#©#.©#.##©
≈..#°°°###.####..#.##5##
#..#°## .#.#..#..##..##.
≈..# .. .#.#..###..##.#.
#.. ### ####..#########.
≈. §.§..................
# ...§§.................
≈#§#§#≈#≈#≈#≈#≈#≈#≈#≈#≈
################


You could see a death drake, a spectral hornet and a spectral centaur warrior.

Vanquished Creatures
  A stone giant (D:9)
  A vault guard (D:10)
  A boulder beetle (D:9)
  4 centaur warriors (D:9)
  A two-headed ogre (D:9)
  Pikel (D:5)
  A wolf spider zombie (Gauntlet)
  A deep elf pyromancer (D:9)
  An ugly thing (D:9)
  A cyclops (D:9)
  A smoke demon (Gauntlet)
  A kobold demonologist (D:10)
  A komodo dragon (D:10)
  A troll (D:10)
  Grinder (D:3)
  A vampire (D:10)
  A shadow (D:11)
  A wyvern (D:4)
  7 yaks
  A ynoxinul (Gauntlet)
  A steam dragon (D:8)
  Menkaure (Ossuary)
  3 water moccasins
  A black bear (D:7)
  3 orc warriors
  2 sky beasts
  2 necrophages (D:5)
  2 phantoms
  A centaur (D:6)
  2 lemures (D:5)
  A bullfrog (D:7)
  6 scorpions
  A water moccasin skeleton (D:5)
  6 killer bees (D:10)
  14 wights
  5 howler monkeys
  8 crimson imps
  A centaur zombie (D:8)
  3 orc priests
  2 hounds
  3 iron imps (Gauntlet)
  3 iguanas
  6 orc wizards
  Natasha (thrice) (D:4)
  A killer bee zombie (D:8)
  2 hound skeletons (D:4)
  3 mummies (Ossuary)
  11 gnolls
  5 howler monkey zombies
  2 adders
  4 white imps
  An ufetubus (D:6)
  2 worms
  A dart slug (D:1)
  16 orcs
  7 ball pythons
  10 endoplasms
  A giant cockroach (D:1)
  2 gnoll zombies (Ossuary)
  12 goblins
  4 hobgoblins
  19 jackals
  7 kobolds
  5 quokkas
  6 bats
  3 frilled lizards
  2 gnoll skeletons (Ossuary)
  7 goblin skeletons (Ossuary)
  6 goblin zombies (Ossuary)
  7 hobgoblin skeletons (Ossuary)
  4 hobgoblin zombies (Ossuary)
  3 kobold skeletons (Ossuary)
  6 kobold zombies (Ossuary)
  5 orc skeletons (Ossuary)
  3 orc zombies (Ossuary)
  9 rats
  A rat skeleton (Ossuary)
  4 rat zombies (Ossuary)
290 creatures vanquished.

Vanquished Creatures (others)
  An orc wizard (D:7)
  4 demonic plants
  2 fungi
  2 plants (Gauntlet)
  A withered plant (D:1)
10 creatures vanquished.

Grand Total: 300 creatures vanquished

Notes
Turn   | Place    | Note
-------+----------+-------------------------------------------
     0 | D:1      | wilfster70 the Demonspawn Berserker began the quest for the
                  | Orb.
     0 | D:1      | Reached XP level 1. HP: 18/18 MP: 1/1
   152 | D:1      | Found a faded altar of an unknown god.
   289 | D:1      | Reached skill level 3 in Polearms
   289 | D:1      | Gained mutation: You are partially covered in sharp spines.
                  | [demonic ancestry]
   289 | D:1      | Reached XP level 2. HP: 13/24 MP: 2/2
   642 | D:1      | Identified a scroll of acquirement
   642 | D:1      | Acquired the amulet of the Moon {Rampage rElec Regen+ Str+3
                  | Stlth-}
   684 | D:1      | Reached XP level 3. HP: 29/29 MP: 3/3
   941 | D:1      | Reached ** piety under Trog
  1371 | D:2      | Noticed a scorpion
  1379 | D:2      | Killed a scorpion
  1380 | D:2      | Reached XP level 4. HP: 37/37 MP: 4/4
  1415 | D:2      | Reached skill level 4 in Polearms
  1805 | D:2      | Reached XP level 5. HP: 42/42 MP: 5/5
  2373 | D:3      | Noticed Grinder
  2386 | D:3      | Killed Grinder
  2387 | D:3      | Reached skill level 5 in Polearms
  2387 | D:3      | Gained mutation: You are mostly covered in sharp spines.
                  | [demonic ancestry]
  2387 | D:3      | Reached XP level 6. HP: 49/49 MP: 6/6
  2689 | D:4      | Noticed Natasha
  2696 | D:4      | Killed Natasha
  2747 | D:4      | Noticed a wyvern
  2754 | D:4      | Killed a wyvern
  2755 | D:4      | Gained mutation: Your demonic aura sometimes causes spilled
                  | blood to erupt in flames. [demonic ancestry]
  2755 | D:4      | Reached XP level 7. HP: 55/55 MP: 7/7
  2959 | D:4      | Found a sand-covered staircase.
  2963 | Ossuary  | Entered an ossuary
  3052 | Ossuary  | Reached *** piety under Trog
  3118 | Ossuary  | Reached skill level 5 in Fighting
  3237 | Ossuary  | Reached skill level 6 in Polearms
  3253 | Ossuary  | Noticed Menkaure
  3265 | Ossuary  | Killed Menkaure
  3783 | D:4      | Identified the +7 trident of Peadwoc {vorpal, *Corrode rN+
                  | Str+4 Dex+2}
  4551 | D:5      | Entered Level 5 of the Dungeon
  4627 | D:5      | Gained mutation: You are partially covered in yellow
                  | scales. (AC +2) [demonic ancestry]
  4627 | D:5      | Reached XP level 8. HP: 63/63 MP: 8/8
  4760 | D:5      | Reached **** piety under Trog
  4965 | D:5      | Reached skill level 7 in Polearms
  4977 | D:5      | Noticed Pikel
  4989 | D:5      | Killed Pikel
  4990 | D:5      | Reached skill level 5 in Armour
  5008 | D:5      | Reached skill level 8 in Polearms
  5170 | D:5      | Reached XP level 9. HP: 70/71 MP: 9/9
  5832 | D:4      | Noticed Natasha
  5833 | D:4      | Killed Natasha
  5952 | D:4      | Noticed Natasha
  5961 | D:4      | Killed Natasha
  6621 | D:7      | You fall into a shaft and drop 3 floors!
  6621 | D:10     | Entered Level 10 of the Dungeon
  6733 | D:9      | Reached skill level 9 in Polearms
  7006 | D:7      | Found a staircase to the Ecumenical Temple.
  7705 | D:8      | Gained mutation: You are mostly covered in yellow scales.
                  | (AC +3) [demonic ancestry]
  7705 | D:8      | Reached XP level 10. HP: 80/80 MP: 10/10
  7741 | D:8      | Reached skill level 10 in Polearms
  7978 | D:8      | Found a staircase to the Lair.
  8128 | D:8      | Found Gadaneo's Magic Scroll Shoppe.
  8139 | D:8      | Bought a scroll of magic mapping for 38 gold pieces
  8139 | D:8      | Bought a scroll of blinking for 82 gold pieces
  8139 | D:8      | Bought a scroll of identify for 22 gold pieces
  8139 | D:8      | Bought a scroll of enchant weapon for 82 gold pieces
  8139 | D:8      | Bought a scroll of noise for 11 gold pieces
  8438 | D:9      | Noticed a centaur warrior
  8438 | D:9      | Noticed a centaur warrior
  8440 | D:9      | Noticed a cyclops
  8440 | D:9      | Noticed a deep elf pyromancer
  8444 | D:9      | Noticed a stone giant
  8446 | D:9      | Noticed a centaur warrior
  8448 | D:9      | Killed a centaur warrior
  8450 | D:9      | Killed a centaur warrior
  8453 | D:9      | Killed a cyclops
  8456 | D:9      | Killed a centaur warrior
  8457 | D:9      | Reached skill level 11 in Polearms
  8457 | D:9      | Noticed a two-headed ogre
  8518 | D:9      | Noticed a centaur warrior
  8527 | D:9      | Noticed a cyan ugly thing
  8533 | D:9      | Killed a cyan ugly thing
  8550 | D:9      | Killed a two-headed ogre
  8552 | D:9      | Reached XP level 11. HP: 58/89 MP: 11/11
  8562 | D:9      | Killed a stone giant
  8563 | D:9      | HP: 2/89 [centaur warrior (6)]
  8567 | D:9      | Killed a centaur warrior
  8918 | D:9      | Noticed a boulder beetle
  8943 | D:9      | Killed a boulder beetle
  8947 | D:9      | Reached skill level 1 in Shields
  9048 | D:9      | Killed a deep elf pyromancer
  9049 | D:9      | Reached skill level 12 in Polearms
  9965 | D:10     | Noticed a vault guard
  9976 | D:10     | Killed a vault guard
  9980 | D:10     | Found a portal to a secret trove of treasure.
 10087 | D:10     | Reached skill level 10 in Fighting
 10239 | D:11     | Found a gate leading to a gauntlet.
 10247 | Gauntlet | Entered a Gauntlet
 10247 | Gauntlet | Found a transporter.
 10247 | Gauntlet | Found a transporter.
 10247 | Gauntlet | Found a transporter.
 10248 | Gauntlet | Found a transporter.
 10249 | Gauntlet | Found a transporter.
 10270 | Gauntlet | Found a transporter.
 10287 | Gauntlet | Noticed a death drake
 10288 | Gauntlet | Found a transporter.
 10288 | Gauntlet | Found a transporter.
 10293 | Gauntlet | Noticed a quicksilver ooze
 10294 | Gauntlet | Found a transporter.
 10302 | Gauntlet | Found a transporter.
 10313 | Gauntlet | Succumbed to a death drake's dark miasma

Illustrated notes

Levels and vault maps discovered:
D:1:      erik_arrival_blinker_ship, layout_loops_ring,
          shapermc_ecumenical_altar_gd, serial_forest,
          infiniplex_forest_clump_C, infiniplex_forest_lined_2,
          infiniplex_forest_straight_2, infiniplex_forest_clump_double,
          infiniplex_forest_lined_room_2, infiniplex_forest_straight_2,
          infiniplex_forest_clump_C, st_stairs_4
D:2:      layout_basic, due_unseen_surprise
D:3:      layout_rooms, st_stairs_8, kennysheep_generic_room_5, uniq_grinder
D:4:      layout_layer_cave, enter_ossuary_5, uniq_natasha
D:5:      layout_layer_cave, minmay_misc_feat_diagonals, uniq_pikel
D:6:      layout_basic
D:7:      layout_layer_cave, temple_pool_b, lemuel_old_faithful
D:8:      nicolae_cairo_tiling, layout_basic, nicolae_tso_carved_into_rock,
          serial_shops, nicolae_shop_trees, eino_small_chamber_without_monster,
          minmay_misc_feat_plants
D:9:      layout_basic, minmay_evil_grid
D:10:     layout_loops_ring, enter_trove_5, minivault_11, minmay_nine_imps
D:11:     layout_small_grid, erik_orc_4, gauntlet_entry_generic
Gauntlet: minmay_gauntlet_mixed_big_or_small [nicolae_gauntlet_arena_quarters,
          minmay_gauntlet_arena_77_museum, gammafunk_gauntlet_arena_spirals,
          minmay_gauntlet_arena_77_mess, gammafunk_gauntlet_arena_hedges,
          minmay_gauntlet_arena_77_mirror, gauntlet_exit_watery]

Skill      XL: |  1  2  3  4  5  6  7  8  9 10 11 |
---------------+----------------------------------+-----
Polearms       | 3 4 5 6 8 9 11 12 | 12.9
Armour         | 2 3 4 5 6 8 |  8.3
Fighting       | 4 5 6 7 9 10 | 10.0
Shields        | 3 |  3.6
Dodging        | |  1.7

Action                   |  1- 3 |  4- 6 |  7- 9 | 10-12 || total
-------------------------+-------+-------+-------+-------++-------
Melee: Spear             |   114 |    99 |   188 |       ||   401
       Punch             |     3 |     1 |     5 |       ||     9
       Trident           |       |       |   145 |   203 ||   348
Invok: Berserk           |     2 |     5 |     5 |     8 ||    20
       Trog's Hand       |       |     2 |     4 |     7 ||    13
  Use: Scroll            |     4 |     3 |    10 |     9 ||    26
       Potion            |       |       |       |     1 ||     1
 Stab: Distracted        |       |       |     1 |       ||     1
Armor: Animal skin       |    21 |    20 |    27 |       ||    68
       Ring mail         |       |       |    31 |       ||    31
       Plate armour      |       |       |    14 |   113 ||   127
Dodge: Dodged            |    44 |    36 |    90 |    40 ||   210
Block: Buckler           |       |       |       |     9 ||     9

Table legend: (Time is in decaauts)
 A = Elapsed time spent in this place.
 B = Non-inter-level travel time spent in this place.
 C = Inter-level travel time spent in this place.
 D = Time resting spent in this place.
 E = Time spent auto-exploring this place.
 F = Levels seen in this place.
 G = Mean time per level.
                   A        B        C        D        E       F      G
               +--------+--------+--------+--------+--------+-----+--------+
         Total |  10376 |   9977 |    399 |    931 |   5701 |  13 |  798.2 |
       Dungeon |   9788 |   9389 |    399 |    764 |   5686 |  11 |  889.8 |
       Ossuary |    531 |    531 |      0 |    167 |     15 |   1 |  531.0 |
      Gauntlet |     56 |     56 |      0 |      0 |      0 |   1 |   56.0 |
               +--------+--------+--------+--------+--------+-----+--------+

Top non-repeatable levels by time:
     D:4: 1469 daAuts
     D:5: 1314 daAuts
     D:1: 1206 daAuts
     D:8: 1129 daAuts
     D:7: 950 daAuts
     D:2: 931 daAuts
    D:10: 927 daAuts
     D:9: 816 daAuts
     D:3: 598 daAuts
 Ossuary: 531 daAuts
     D:6: 384 daAuts
    D:11: 62 daAuts
Gauntlet: 56 daAuts
